Map: Beckett Industries LE

Players

DrDestructo

  • Race: Terran Terran
  • League: Silver

bikez - Winner!

  • Race: Protoss Protoss
  • League: Gold

VOD

Have the link to the VOD?

Description

Time

  • Played on: Nov. 21, 2021, 9:52 a.m.
  • Length: 17:22
Show
View Real Time Build Order
Export as new Build Order

DrDestructo Terran 

Build Orders:  

Get SALT Encoding   

  12  0:02  SCV  
  13  0:14  SCV  
  14  0:19  Supply Depot  
  14  0:26  SCV  
  15  0:40  SCV  
  16  0:43  Barracks  
  16  0:47  Refinery  
  16  0:56  SCV  
  17  1:08  SCV  
  18  1:20  SCV  
  20  1:32  SCV  
  20  1:34  Reaper  
  20  1:39  Command Center  
  20  1:48  Orbital Command  
  20  1:58  Supply Depot  
  20  2:11  Factory  
  20  2:26  Barracks Reactor  
  20  2:43  SCV  
  20  2:51  Refinery  
  20  2:56  SCV  
  20  2:57  Factory Tech Lab  
  21  3:08  SCV  
  21  3:11  SCV  
  23  3:12  Marine  
  23  3:13  Marine  
  23  3:19  Command Center  
  25  3:23  Starport  
  25  3:31  SCV  
  25  3:33  Engineering Bay  
  26  3:39  Marine x2  
  28  3:43  SCV x2  
  30  3:53  Siege Tank  
  33  3:55  SCV  
  34  4:04  Supply Depot  
  34  4:06  Medivac  
  36  4:13  Marine x2  
  36  4:16  SCV  
  39  4:25  SCV, Widow Mine  
  42  4:42  Factory, Marine x2  
  44  4:50  SCV  
  44  4:52  SCV  
  46  4:53  Refinery  
  46  5:00  Widow Mine  
  46  5:02  Starport Reactor  
  46  5:04  Marine x2, SCV  
  51  5:14  Supply Depot  
  51  5:17  Refinery  
  51  5:20  SCV  
  52  5:22  Marine, Widow Mine  
  52  5:24  SCV  
  56  5:30  Factory Tech Lab  
  56  5:32  Terran Infantry Weapons Level 1  
  56  5:33  Planetary Fortress  
  56  5:37  SCV, Supply Depot  
  57  5:51  Planetary Fortress  
  57  5:55  Widow Mine x2  
  61  6:05  SCV  
  61  6:11  Marine x2  
  63  6:17  SCV  
  65  6:24  Armory  
  65  6:25  Viking x2  
  67  6:28  Marine  
  67  6:29  Marine, SCV  
  68  6:43  Cyclone x2  
  74  6:47  Marine  
  74  6:48  Marine  
  74  6:51  SCV  
  74  6:54  SCV  
  78  6:59  SCV  
  79  7:05  Marine x2  
  81  7:11  SCV  
  81  7:14  SCV  
  81  7:15  Terran Vehicle Weapons Level 1  
  83  7:23  SCV  
  83  7:26  SCV  
  85  7:30  Drilling Claws  
  85  7:37  Supply Depot  
  85  7:41  Supply Depot  
  85  7:56  Supply Depot  
  85  7:59  Thor, SCV x2  
  85  8:03  SCV  
  94  8:08  Marine x2  
  94  8:11  SCV x2  
  98  8:16  Supply Depot x2  
  98  8:19  Supply Depot  
  98  8:23  SCV  
  98  8:25  SCV  
  100  8:32  Cyclone  
  103  8:35  Mag-Field Accelerator  
  103  8:37  SCV  
  103  8:40  Liberator  
  107  8:41  Supply Depot  
  107  8:42  SCV  
  108  8:49  SCV  
  108  8:53  Missile Turret  
  108  8:54  SCV  
  110  8:59  Supply Depot  
  110  9:00  Hi-Sec Auto Tracking, Supply Depot  
  110  9:02  Missile Turret  
  110  9:08  SCV  
  110  9:09  Terran Vehicle And Ship Armor Level 1  
  111  9:15  Marine  
  111  9:16  Marine  
  113  9:19  Widow Mine x2  
  113  9:20  SCV  
  118  9:24  Supply Depot  
  118  9:25  Supply Depot  
  118  9:33  Marine  
  118  9:35  SCV  
  120  9:40  Refinery  
  120  9:41  Refinery  
  120  9:45  Missile Turret  
  117  9:47  SCV  
  117  9:49  SCV  
  117  9:51  Viking x2  
  123  9:59  Armory  
  123  10:01  SCV  
  123  10:05  Missile Turret  
  124  10:08  Thor  
  124  10:11  Neosteel Armor  
  124  10:13  SCV  
  131  10:14  SCV  
  132  10:21  Viking  
  132  10:26  SCV  
  135  10:28  SCV  
  135  10:30  SCV  
  137  10:38  Thor, Missile Turret  
  137  10:40  SCV  
  137  10:41  Viking  
  137  10:42  SCV  
  147  10:44  Marine x2  
  149  10:50  Terran Ship Weapons Level 1  
  149  10:51  Viking  
  151  11:01  Missile Turret  
  151  11:02  Marine  
  151  11:03  Command Center  
  152  11:05  SCV  
  153  11:17  Thor, SCV, Missile Turret  
  160  11:20  Terran Vehicle And Ship Armor Level 2  
  160  11:26  Thor  
  166  11:33  Starport  
  166  11:34  Starport  
  166  11:38  Missile Turret  
  166  11:47  Sensor Tower  
  166  11:50  SCV  
  166  11:52  SCV  
  168  11:56  Terran Infantry Weapons Level 2  
  168  11:58  Marine x2  
  168  12:01  Viking  
  172  12:02  SCV  
  173  12:14  Viking, Thor, SCV, Fusion Core  
  182  12:16  Marine x2  
  182  12:18  Starport Tech Lab  
  182  12:19  Starport Tech Lab  
  182  12:21  Supply Depot  
  184  12:28  SCV  
  185  12:31  Viking  
  185  12:34  Marine x2  
  189  12:40  SCV  
  190  12:44  Viking, Supply Depot  
  190  12:45  Missile Turret  
  190  12:46  SCV  
  193  12:55  Planetary Fortress  
  193  12:57  Thor  
  193  12:58  SCV  
  200  13:02  Terran Ship Weapons Level 2  
  200  13:06  Missile Turret  
  200  13:13  Weapon Refit  
  200  13:27  Missile Turret  
  200  13:38  Sensor Tower  
  200  13:40  Refinery  
  200  13:41  Refinery  
  200  13:50  Missile Turret  
  200  14:00  Smart Servos  
  181  14:41  Liberator x2  
  181  14:44  Widow Mine x2  
  179  14:51  Missile Turret  
  162  14:53  Missile Turret  
  162  14:54  Missile Turret x2  
  162  14:55  Missile Turret  
  162  14:56  Missile Turret  
  162  14:59  Marine  
  142  15:00  Marine  
  142  15:05  Widow Mine x2  
  122  15:10  Missile Turret  
  122  15:12  Missile Turret  
  122  15:13  Missile Turret  
  110  15:17  Marine  
  110  15:18  Marine  
  110  15:20  Missile Turret  
  106  15:21  Missile Turret x2  
  106  15:22  Missile Turret  
  106  15:25  Missile Turret x2  
  84  15:50  Viking  
  86  16:02  Missile Turret  
  86  16:04  Missile Turret x2  
  76  16:05  Command Center  
  76  16:06  Missile Turret  
  73  16:22  Barracks  
  73  16:24  Barracks  
  73  16:25  Barracks x2  
Show
View Real Time Build Order
Export as new Build Order

bikez Protoss - Winner!

Build Orders: Double Forge, Forge Fast Expand (FFE), Carriers 

Get SALT Encoding   

  12  0:01  Probe (Chrono Boost)  
  13  0:11  Probe (Chrono Boost)  
  14  0:21  Pylon  
  14  0:23  Probe  
  15  0:39  Probe  
  16  0:44  Forge  
  16  0:52  Pylon  
  16  0:57  Probe (Chrono Boost)  
  17  1:09  Probe (Chrono Boost)  
  18  1:17  Probe (Chrono Boost)  
  19  1:26  Nexus  
  19  1:33  Photon Cannon  
  19  1:39  Assimilator  
  19  1:49  Probe  
  20  2:01  Probe  
  20  2:07  Photon Cannon  
  21  2:13  Probe (Chrono Boost)  
  21  2:14  Gateway  
  22  2:22  Assimilator  
  22  2:25  Probe (Chrono Boost)  
  23  2:30  Probe (Chrono Boost)  
  24  2:40  Probe  
  25  2:52  Probe  
  26  3:04  Pylon, Probe (Chrono Boost)  
  27  3:09  Nexus  
  27  3:16  Probe (Chrono Boost)  
  28  3:23  Cybernetics Core  
  28  3:24  Probe (Chrono Boost)  
  29  3:31  Cybernetics Core  
  29  3:33  Probe  
  30  3:37  Probe  
  31  3:45  Probe  
  32  3:49  Probe  
  32  3:53  Forge  
  33  3:59  Pylon  
  33  4:00  Assimilator  
  33  4:04  Assimilator  
  33  4:06  Stargate  
  33  4:19  Stargate  
  33  4:24  Shield Battery  
  33  4:31  Shield Battery  
  33  4:34  Photon Cannon  
  33  4:36  Pylon  
  33  4:37  Protoss Ground Weapons Level 1  
  33  4:41  Probe (Chrono Boost)  
  34  4:52  Probe (Chrono Boost)  
  35  4:56  Probe (Chrono Boost), Protoss Ground Armor Level 1  
  35  4:59  Probe  
  37  5:00  Probe  
  37  5:01  Protoss Air Weapons Level 1  
  38  5:07  Protoss Air Armor Level 1  
  38  5:09  Probe (Chrono Boost)  
  38  5:13  Probe (Chrono Boost)  
  41  5:23  Probe (Chrono Boost)  
  41  5:24  Probe (Chrono Boost), Oracle  
  41  5:28  Probe (Chrono Boost)  
  45  5:35  Fleet Beacon  
  46  5:41  Forge, Probe (Chrono Boost)  
  47  5:45  Probe (Chrono Boost)  
  47  5:48  Void Ray  
  48  5:55  Probe (Chrono Boost)  
  48  5:56  Probe (Chrono Boost)  
  54  6:00  Probe (Chrono Boost)  
  55  6:05  Nexus  
  55  6:09  Void Ray  
  55  6:11  Probe  
  60  6:21  Fleet Beacon  
  60  6:45  Carrier  
  66  7:01  Stargate  
  66  7:13  Assimilator  
  66  7:15  Assimilator  
  66  7:23  Probe  
  67  7:32  Carrier, Assimilator  
  67  7:34  Assimilator  
  67  7:35  Probe  
  74  7:40  Shield Battery  
  74  7:45  Stargate  
  74  7:47  Probe  
  74  7:51  Protoss Shields Level 1  
  72  7:59  Probe  
  73  8:07  Tempest  
  73  8:11  Probe  
  79  8:33  Probe  
  80  8:45  Probe  
  80  8:46  Carrier  
  87  8:52  Tempest  
  92  8:55  Flux Vanes  
  92  8:59  Probe (Chrono Boost)  
  92  9:02  Probe (Chrono Boost)  
  95  9:13  Probe (Chrono Boost)  
  95  9:14  Probe (Chrono Boost)  
  95  9:16  Protoss Air Weapons Level 2, Robotics Facility  
  96  9:17  Probe (Chrono Boost)  
  96  9:19  Pylon  
  96  9:21  Probe  
  98  9:28  Probe  
  98  9:30  Pylon  
  99  9:40  Probe  
  100  9:47  Twilight Council  
  100  9:51  Stargate  
  100  9:55  Unknown  
  100  10:01  Carrier  
  100  10:02  Carrier  
  112  10:11  Protoss Air Armor Level 2  
  112  10:18  Probe  
  113  10:29  Protoss Shields Level 2  
  113  10:30  Probe  
  113  10:32  Protoss Ground Weapons Level 2  
  114  10:41  Nexus  
  114  10:42  Probe  
  115  10:46  Pylon  
  115  10:50  Pylon  
  115  10:54  Probe  
  116  10:57  Pylon  
  116  10:59  Pylon  
  116  11:02  Pylon  
  116  11:04  Tempest  
  116  11:07  Tempest  
  116  11:08  Carrier  
  116  11:09  Resonating Glaives  
  132  11:15  Observer, Carrier  
  139  11:27  Pylon  
  139  11:29  Pylon  
  139  11:32  Pylon  
  139  11:33  Stargate  
  139  11:35  Stargate  
  139  11:41  Assimilator  
  139  11:45  Probe x4, Assimilator  
  143  11:47  Carrier  
  149  11:56  Protoss Ground Armor Level 2  
  149  11:57  Probe x2  
  149  12:00  Carrier  
  157  12:15  Pylon  
  157  12:38  Carrier  
  157  12:39  Blink, Carrier  
  157  12:41  Protoss Air Weapons Level 3 (Chrono Boost)  
  157  12:42  Carrier  
  175  12:48  Protoss Air Armor Level 3 (Chrono Boost)  
  175  12:53  Nexus  
  175  12:57  Assimilator  
  175  13:00  Protoss Shields Level 3  
  175  13:01  Assimilator  
  175  13:02  Protoss Ground Weapons Level 3  
  175  13:22  Tempest x2  
  185  13:28  Probe  
  186  13:35  Tempest  
  186  13:45  Tempest  
  183  14:29  Carrier x3  
  178  15:22  Pylon, Carrier  
  178  15:24  Pylon  
  178  15:26  Pylon  
  184  15:29  Pylon  
  184  15:36  Carrier  
  184  15:40  Carrier x2  
  196  15:49  Carrier  
  200  16:40  Nexus  
  200  16:45  Pylon  
Tags
 
Add a new tag
Caveats
  • Supply blocks, unpowered buildings, or Contaminate may cause inaccurate times.
  • Supply counts are checked every 10 seconds.